AoeStats
← BobKanec

Arabia

509069886Analyzed
1v1 RM · 6d ago on Sep 25, 2026· 38m 34s· 2 players
Game mode
Random Map
Map size
Tiny (2 player)
Population
200
Speed
Normal
Resources
Standard
Victory
Conquest
Starting age
Dark Age
Ending age
Imperial Age
RankedLock teamsTeams togetherTeam positionsShared explorationLock speedFull tech treeHidden civsTurbo modeCheats
Victory
Defeat
🇧🇷 Tupi · Brazil
967
+14
🇨🇿 Magyars · Czechia
922
-14
BobKanec
8:20 Loom
11:33 Feudal Age
12:35 Double-Bit Axe
13:08 Horse Collar
15:59 Scale Barding Armor
18:34 Wheelbarrow
19:43 Fletching
20:10 Town Watch
24:17 Castle Age
23:57 Bloodlines
25:15 Bodkin Arrow
28:04 Padded Archer Armor
30:04 Husbandry
31:00 Husbandry
30:22 Light Cavalry
32:43 Town Patrol
33:10 Bow Saw
32:51 Crossbowman
Flávio do pneu
6:28 Loom
8:44 Feudal Age
13:53 Fletching
14:03 Town Watch
18:34 Wheelbarrow
21:23 Castle Age
19:39 Arson
19:42 Double-Bit Axe
20:55 Scale Mail Armor
21:02 Gold Mining
21:37 Forging
28:58 Horse Collar
29:31 Bow Saw
31:44 Town Patrol
32:28 Iron Casting
32:08 Chain Mail Armor
33:14 Chain Mail Armor
35:50 Squires
36:10 Hand Cart
36:58 Stone Mining
Connection lost

Rejoining the realm…

Still unreachable

The connection could not be restored.

Session expired

The server has moved on; the page needs a fresh start.